 Dungeon Crawl Stone Soup version 0.24.0-123-gd5b16e6ec5 (webtiles) character file.

Game seed: 16929983816877589346, levelgen mode: deterministic

3652 Elellon the Fencer (level 9, -4/70 HPs)
             Began as a Minotaur Fighter on Jan 22, 2020.
             Was a Priest of Okawaru.
             Slain by an orc warrior
             ... wielding a +0 flail
              (11 damage)
             ... on level 8 of the Dungeon.
             The game lasted 00:13:56 (8135 turns).

Elellon the Fencer (Minotaur Fighter)               Turns: 8135, Time: 00:13:57

Health: -4/70      AC: 15    Str: 24    XL:     9   Next: 88%
Magic:  0/8        EV:  4    Int:  5    God:    Okawaru [***...]
Gold:   233        SH:  9    Dex: 10    Spells: 8/8 levels left

rFire    + . .     SeeInvis .   a - +1 long sword
rCold    + . .     Gourm    .   c - +0 shield
rNeg     + . .     Faith    .   z - +0 plate armour of Trog's Supremacy {rC+ rN+ MR+} (curse)
rPois    .         Spirit   +   (helmet restricted)
rElec    .         Reflect  .   y - scarf {Spirit}
rCorr    +         Harm     .   D - +2 pair of gloves
MR       +....                  j - +0 pair of boots
Stlth    ..........             (no amulet)
HPRegen  0.21/turn              t - ring of protection from fire
MPRegen  0.11/turn              u - ring of resist corrosion

@: no status effects
A: retaliatory headbutt, horns 2
a: Heroism, Renounce Religion


You were on level 8 of the Dungeon.
You worshipped Okawaru.
Okawaru was most pleased with you.
You were near starving.

You visited 2 branches of the dungeon, and saw 10 of its levels.

You collected 233 gold pieces.

Inventory:

Hand Weapons
 a - a +1 long sword (weapon)
Armour
 c - a +0 shield (worn)
 j - a +0 pair of boots (worn)
 y - a scarf of spirit shield (worn)
 z - the cursed +0 plate armour of Trog's Supremacy (worn) {rC+ rN+ MR+}
   (You found it on level 7 of the Dungeon)

   It protects you from cold.
   It protects you from negative energy.
   It affects your resistance to hostile enchantments.
   It has a curse placed upon it.
 D - a +2 pair of gloves (worn)
Jewellery
 t - a ring of protection from fire (left hand)
 u - a ring of resist corrosion (right hand)
Wands
 e - a wand of digging (5)
Scrolls
 g - 2 scrolls of remove curse
 i - 2 scrolls of magic mapping {unknown}
 o - 4 scrolls of enchant weapon
 p - a scroll of enchant armour
 q - 3 scrolls of blinking
 r - 2 scrolls of fear
 w - 2 scrolls of teleportation
 B - 3 scrolls of immolation
Potions
 b - a potion of berserk rage {unknown}
 d - 2 potions of might
 h - 2 potions of agility
 k - a potion of degeneration {unknown}
 l - 8 potions of curing {unknown}
 m - 3 potions of brilliance {unknown}
 n - a potion of ambrosia {unknown}
 s - a potion of lignification {unknown}
 v - 2 potions of flight {unknown}
 x - 3 potions of haste {unknown}
 A - a potion of heal wounds {unknown}
 E - 4 potions of mutation {unknown}
Comestibles
 f - 21 rations


   Skills:
 - Level 3.6 Fighting
 + Level 15.9 Long Blades
 - Level 3.6 Armour
 - Level 3.6 Shields


You had 8 spell levels left.
You didn't know any spells.
Your spell library contained the following spells:

 Spells                   Type           Power        Failure   Level  Hunger
 Confusing Touch          Hex            #.....       100%        1    ##.....
 Confuse                  Hex            #.......     100%        3    ####...
 Gell's Gravitas          Tloc           #.........   100%        3    ####...
 Petrify                  Tmut/Erth      #.......     100%        4    #####..
 Metabolic Englaciation   Hex/Ice        #.........   100%        5    ######.
 Yara's Violent Unravell  Hex/Tmut       #.........   100%        5    ######.


Dungeon Overview and Level Annotations

Branches:
Dungeon (9/15)             Temple (1/1) D:6
   Lair: D:8-11         Orc: D:9-12

Altars:
Ashenzari
Cheibriados
Dithmenos
Elyvilon
Hepliaklqana
Kikubaaqudgha
Makhleb
Nemelex Xobeh
Okawaru
Ru
Sif Muna
Trog
The Shining One


Innate Abilities, Weirdness & Mutations

You reflexively headbutt those who attack you in melee.
You have a pair of horns on your head.


Message History

* * * LOW HITPOINT WARNING * * *
You closely miss the orc warrior. Your headbutt misses the orc warrior.
The orc warrior is severely wounded.
You hit the orc warrior. Your headbutt misses the orc warrior.
The orc warrior is severely wounded.
The crocodile bites you but does no damage.
The orc warrior hits you with a +0 flail.
* * * LOW HITPOINT WARNING * * *
You barely miss the orc warrior. You headbutt the orc warrior.
The orc warrior is severely wounded.
The crocodile bites you but does no damage.
The orc warrior hits you with a +0 flail.
* * * LOW HITPOINT WARNING * * *
You closely miss the orc warrior.
The orc warrior is severely wounded.
The crocodile bites you but does no damage.
You hit the orc warrior but do no damage.
The orc warrior is severely wounded.
The orc warrior hits you with a +0 flail!
You die...

###########
..........#
....#####.# ..<...#
#.# ###.#.#
#.######## #.#.#
#........#
#.#.##########@#
###..#.#########o#
.....##.........t#
###..#.########.)#
#.#.## ##.># ###
#.#.# ###...###.##
##.#.# #≈≈...≈≈##.#
#....###
##≈..♣..≈#.##
#..#...###........(.#


You could see an orc warrior and a crocodile.

Vanquished Creatures
  Pikel (D:7)
  2 hippogriffs
  A spriggan (D:7)
  A wyvern (D:8)
  3 sky beasts
  An ice beast (D:7)
  A phantom (D:7)
  2 slaves (D:7)
  4 ogres
  5 centaurs
  A big kobold (D:8)
  Blork the orc (D:4)
  A bullfrog (D:6)
  2 crimson imps
  A centaur zombie (D:8)
  A bullfrog zombie (D:6)
  A jelly (D:6)
  3 hounds
  An orc priest (D:4)
  9 orc wizards
  An iguana (D:4)
  Ijyb (D:4)
  9 worker ants
  A hound zombie (D:7)
  2 hound skeletons
  7 gnolls
  10 adders
  3 shadow imps
  An ooze (D:1)
  A worm (D:4)
  A dart slug (D:2)
  2 leopard geckos
  41 orcs
  3 giant cockroaches
  7 goblins
  10 hobgoblins
  10 jackals
  9 kobolds
  4 quokkas
  A ball python (D:2)
  6 bats
  2 frilled lizards
  7 rats
181 creatures vanquished.

Vanquished Creatures (others)
  A slave (D:7)
  A worker ant (D:7)
  A plant (D:5)
3 creatures vanquished.

Grand Total: 184 creatures vanquished

Notes
Turn   | Place    | Note
-------+----------+-------------------------------------------
     0 | D:1      | Elellon the Minotaur Fighter began the quest for the Orb.
     0 | D:1      | Reached XP level 1. HP: 19/19 MP: 0/0
    77 | D:1      | Reached skill level 3 in Long Blades
   458 | D:1      | Reached XP level 2. HP: 26/26 MP: 1/1
   724 | D:1      | Reached skill level 4 in Long Blades
   957 | D:2      | Reached XP level 3. HP: 30/31 MP: 2/2
   961 | D:2      | Found a hazy altar of Hepliaklqana.
  1186 | D:2      | Reached skill level 5 in Long Blades
  1407 | D:3      | Reached XP level 4. HP: 39/39 MP: 3/3
  1496 | D:3      | Found a burning altar of Makhleb.
  1503 | D:3      | Reached skill level 6 in Long Blades
  1503 | D:3      | Reached XP level 5. HP: 35/45 MP: 4/4
  1812 | D:3      | You fall into a shaft and drop 2 floors!
  1812 | D:5      | Entered Level 5 of the Dungeon
  1956 | D:5      | Noticed an ogre
  1962 | D:5      | Killed an ogre
  1962 | D:5      | Reached skill level 7 in Long Blades
  2227 | D:5      | Reached XP level 6. HP: 51/51 MP: 5/5
  2237 | D:4      | Noticed Ijyb
  2258 | D:4      | Reached skill level 8 in Long Blades
  2290 | D:4      | Killed Ijyb
  2485 | D:4      | Found a shattered altar of Ashenzari.
  2511 | D:4      | Noticed Blork the orc
  2520 | D:4      | Killed Blork the orc
  2520 | D:4      | Reached skill level 9 in Long Blades
  2524 | D:4      | Reached XP level 7. HP: 56/57 MP: 6/6
  3327 | D:4      | Identified the +5 hand axe of Rumo Suf {chop, *Noise rC+++
                  | MR- SInv}
  3330 | D:4      | Reached skill level 10 in Long Blades
  3675 | D:4      | Found a shimmering blue altar of Sif Muna.
  3870 | D:5      | Reached skill level 11 in Long Blades
  4264 | D:5      | You fall into a shaft and drop 1 floor!
  4993 | D:6      | Reached XP level 8. HP: 64/64 MP: 7/7
  5432 | D:6      | Reached skill level 12 in Long Blades
  5589 | D:6      | Found a staircase to the Ecumenical Temple.
  5600 | Temple   | Entered the Ecumenical Temple
  5671 | Temple   | Became a worshipper of Warmaster Okawaru
  6097 | D:7      | Noticed a hippogriff
  6111 | D:7      | Killed a hippogriff
  6294 | D:6      | Reached skill level 13 in Long Blades
  6365 | D:7      | Reached * piety under Okawaru
  6371 | D:7      | Noticed Pikel
  6388 | D:7      | Killed Pikel
  6388 | D:7      | Reached ** piety under Okawaru
  6388 | D:7      | Reached skill level 14 in Long Blades
  6388 | D:7      | Reached XP level 9. HP: 32/70 MP: 8/8
  6880 | D:7      | Got an ichor-stained plate armour
  6898 | D:7      | Identified the cursed +0 plate armour of Trog's Supremacy
                  | {rC+ rN+ MR+} (You found it on level 7 of the Dungeon)
  7134 | D:8      | Reached skill level 15 in Long Blades
  7385 | D:8      | Reached *** piety under Okawaru
  7774 | D:8      | Found a white marble altar of Elyvilon.
  8135 | D:8      | Slain by an orc warrior

Levels and vault maps discovered:
D:1:      scummos_arrival_simple_crosswalls, layout_basic
D:2:      layout_rooms, nicolae_overflow_crystal_walls, minmay_hexomino_c4
D:3:      layout_loops_ring, makhleb_heckhound_becter, st_stairs_13
D:4:      layout_basic, evilmike_ruin_ashenzari, lemuel_coloured_pillars_altar,
          first_ration, uniq_blork_the_orc, uniq_ijyb
D:5:      layout_basic, chequers_big_river, lemuel_flamethrower_1
D:6:      layout_cave_pools, minmay_temple_entry_mist
D:7:      layout_rooms, the_bakery, grunt_decor_cap, uniq_pikel
D:8:      layout_loops_ring, elyvilon_altar_4
D:9:      lemuel_ice_statue, layout_long_grid, due_lair_maze_entry_diamond,
          serial_shops, nicolae_shop_statue_plus, okawaru_humans
Temple:   dpeg_five_rooms_temple

Skill      XL: |  1  2  3  4  5  6  7  8  9 |
---------------+----------------------------+-----
Long Blades    | 3 4 5 6 7 9 11 14 15 | 15.9
Fighting       | |  3.6
Armour         | |  3.6
Shields        | |  3.6

Action                   |  1- 3 |  4- 6 |  7- 9 || total
-------------------------+-------+-------+-------++-------
Melee: Long sword        |    93 |   123 |   400 ||   616
       Headbutt          |    23 |    29 |    80 ||   132
  Use: Scroll            |       |       |    15 ||    15
  Eat: Chunk             |     2 |     3 |    13 ||    18
       Ration            |       |       |     1 ||     1
Armor: Scale mail        |    37 |       |       ||    37
       Plate armour      |     2 |    95 |   239 ||   336
Dodge: Dodged            |    22 |    13 |    65 ||   100
Block: Shield            |    50 |    71 |   187 ||   308
       Rpst.: Long sword |     8 |     6 |    15 ||    29
